 Dungeon Crawl Stone Soup version 0.31-a0-654-gbe3e110b4e (webtiles) character file.

Game seed: 2242216860427878187

177 Ekaitz the Firebug (level 5, -3/38 HPs)
             Began as a Demonspawn Fire Elementalist on Aug 30, 2023.
             Was an Initiate of Uskayaw.
             Killed by divine providence
             ... invoked by an orc priest
              (15 damage)
             ... on level 4 of the Dungeon.
             The game lasted 00:08:28 (3458 turns).

Ekaitz the Firebug (Demonspawn Fire Elementalist)   Turns: 3458, Time: 00:08:28

Health: -3/38      AC:  7    Str: 10    XL:     5   Next: 30%
Magic:  6/9        EV: 12    Int: 16    God:    Uskayaw [......]
Gold:   173        SH:  0    Dex: 14    Spells: 0/9 levels left

rFire   . . .        A - staff of conjuration
rCold   . . .        (no shield)
rNeg    . . .        a - +0 robe
rPois   .            e - +0 helmet
rElec   .            (no cloak)
rCorr   .            (no gloves)
SInv    .            (no boots)
Will    .....        l - amulet of regeneration
Stlth   ++           s - +4 ring of protection
HPRegen 1.06/turn    (no ring)
MPRegen 0.11/turn

%: no passive effects
@: no status effects
A: hooves 1
a: Renounce Religion


You were on level 4 of the Dungeon.
You worshipped Uskayaw.
Uskayaw was noncommittal.
You visited 2 branches of the dungeon, and saw 5 of its levels.

You collected 173 gold pieces.

Inventory:

Hand Weapons
 d - a +0 dagger
 j - a +0 short sword of speed
Missiles
 g - 5 poisoned darts
 i - 5 atropa-tipped darts
Armour
 a - a +0 robe (worn)
 e - a +0 helmet (worn)
Magical Staves
 A - a staff of conjuration (weapon)
Jewellery
 l - an amulet of regeneration (around neck)
 s - a +4 ring of protection (left hand)
Wands
 o - a wand of flame (18)
 u - a wand of roots (8)
Scrolls
 c - 4 scrolls of identify {unknown}
 k - a scroll of immolation {unknown}
 n - 2 scrolls of teleportation {unknown}
 p - a scroll of enchant weapon {unknown}
 r - 2 scrolls of fear {unknown}
 t - a scroll of enchant armour {unknown}
 v - a scroll of poison {unknown}
 x - a scroll of fog {unknown}
 y - a scroll of vulnerability {unknown}
Potions
 b - a potion of magic
 f - a potion of heal wounds {unknown}
 h - a potion of berserk rage {unknown}
 m - 2 potions of curing {unknown}
 q - a potion of ambrosia {unknown}
 w - a potion of lignification {unknown}
 z - a potion of brilliance {unknown}


   Skills:
 * Level 1.9 Fighting
 + Level 0.3 Short Blades
 + Level 2.1 Dodging
 + Level 2.1 Stealth
 + Level 2.7 Spellcasting
 * Level 1.7 Conjurations
 * Level 0.3 Hexes
 * Level 1.1 Translocations
 * Level 3.7 Fire Magic


You couldn't memorise any spells.
You knew the following spells:

 Your Spells              Type           Power      Damage    Failure   Level
a - Foxfire               Conj/Fire      64%        2x1d7     6%          1
b - Scorch                Fire           28%        2d6       6%          2
c - Volatile Blastmotes   Fire/Tloc      20%        2d11      22%         3
i - Inner Flame           Hex/Fire       8%         N/A       26%         3

Your spell library contained the following spells:

 Spells                   Type           Power      Damage    Failure   Level
 Shock                    Conj/Air       28%        1d4       14%         1
 Swiftness                Air            2%         N/A       50%         3
 Flame Wave               Conj/Fire      16%        2d7       52%         4
 Airstrike                Air            1%         2d(1-17)  88%         4


Dungeon Overview and Level Annotations

Branches:
Dungeon (4/15)             Temple (1/1) D:4

Altars:
Ashenzari
Dithmenos
Fedhas
Hepliaklqana
Kikubaaqudgha
Makhleb
Qazlal
Sif Muna
Trog
Uskayaw
Vehumet
Xom


Innate Abilities, Weirdness & Mutations

You have large cloven feet.


Message History

There is a shimmering blue altar of Sif Muna here.
There is a shimmering blue altar of Sif Muna here.
There is an open door here.
You open the door.
There is an open door here.
Okay, then.
There is a hide-covered altar of Uskayaw here.
You kneel at the altar of Uskayaw.
Uskayaw welcomes you!
There is an open door here.
You open the door.
There is an open door here.
There is a staircase back to the Dungeon here.
You climb upwards.
Welcome back to the Dungeon!
The orc priest shouts!
You hear a shout!
You hear an angry hiss.
The orc priest mumbles some strange prayers to Beogh against you.
Beogh smites you!
An orc comes into view. It is wielding a +0 club.
There is a staircase to the Ecumenical Temple here.
Casting: Scorch (safe; 6% risk of failure)
Confirm with . or Enter, or press ? or * to list all spells.
You feel a surge of power!
You conjure some foxfire!
The orc shouts!
Unknown command.
Casting: Foxfire (safe; 6% risk of failure)
Confirm with . or Enter, or press ? or * to list all spells.
Flames lash the orc priest.
The orc priest is moderately wounded.
The orc priest's fire resistance burns away.
The foxfire hits the orc priest but does no damage.
The orc priest is moderately wounded.
The foxfire hits the orc!
You kill the orc!
The orc priest mumbles some strange prayers to Beogh against you.
Beogh smites you!
* * * LOW HITPOINT WARNING * * *
The orc priest miscasts a cantrip.
The orc priest mumbles some strange prayers to Beogh against you.
Beogh smites you!
You die...

... .. #### #. .....
.##+# ....o# #...>#
#.o)o###..... ..
#...#...# ... #§.§@.#
.... ##§>$#####....
#.§...#.......
.#...#...#...... ....#
#....###†........
#...####...#.#.#.(......
#............#...#.....(
#.........#..#..##......
###.........##....#
#+####


You could see 2 orc priests and an orc.

Vanquished Creatures
  3 gnolls (D:3)
  5 adders (D:2)
  An ufetubus (D:4)
  3 dart slugs
  3 orcs (D:4)
  6 endoplasms
  4 giant cockroaches
  6 goblins
  4 hobgoblins
  7 jackals
  9 kobolds
  5 quokkas
  4 ball pythons
  6 bats
  9 frilled lizards
  13 rats
88 creatures vanquished.

Vanquished Creatures (collateral kills)
  A foxfire (D:2)
1 creature vanquished.

Vanquished Creatures (others)
  143 foxfires
143 creatures vanquished.

Grand Total: 232 creatures vanquished

Notes
Turn   | Place    | Note
-------+----------+-------------------------------------------
     0 | D:1      | Ekaitz the Demonspawn Fire Elementalist began the quest for
                  | the Orb.
     0 | D:1      | Reached XP level 1. HP: 13/13 MP: 3/3
   138 | D:1      | Reached skill level 3 in Fire Magic
   193 | D:1      | Gained mutation: You have large cloven feet. [demonic
                  | ancestry]
   193 | D:1      | Reached XP level 2. HP: 20/20 MP: 5/5
   196 | D:1      | Learned a level 2 spell: Scorch
   588 | D:1      | Reached skill level 1 in Fighting
   651 | D:1      | Reached XP level 3. HP: 26/26 MP: 3/6
   665 | D:1      | Learned a level 3 spell: Volatile Blastmotes
  1138 | D:2      | Reached XP level 4. HP: 32/32 MP: 2/7
  2709 | D:3      | Reached XP level 5. HP: 31/38 MP: 1/9
  2712 | D:3      | Reached skill level 1 in Translocations
  2732 | D:3      | Learned a level 3 spell: Inner Flame
  3293 | D:4      | Found a staircase to the Ecumenical Temple.
  3306 | Temple   | Entered the Ecumenical Temple
  3436 | Temple   | Became a worshipper of Uskayaw the Reveller
  3458 | D:4      | Killed from afar by an orc priest

Illustrated notes

Levels and vault maps discovered:
D:1:      ebering_trefoil_3fold, layout_basic
D:2:      layout_loops_cross, serial_forest, infiniplex_forest_lined_2,
          infiniplex_forest_clump_tiny, infiniplex_forest_lined_room_3,
          infiniplex_forest_clump_small, infiniplex_forest_pool,
          infiniplex_forest_zigzag_1, infiniplex_forest_straight_5,
          infiniplex_forest_clump_cross, minmay_pentomino_z4
D:3:      layout_loops_ring
D:4:      layout_basic, nicolae_overflow_crystal_walls,
          minmay_temple_entry_arrows, minivault_5
Temple:   nicolae_temple_figure_eight

Skill      XL: |  1  2  3  4  5 |
---------------+----------------+-----
Fire Magic     | 3 |  3.7
Fighting       | 1 |  1.9
Dodging        | 2 |  2.1
Stealth        | 2 |  2.1
Translocations | 1 |  1.1
Short Blades   | |  0.3
Spellcasting   | |  2.7
Conjurations   | |  1.7
Hexes          | |  0.3

Action                     |  1- 3 |  4- 6 || total
---------------------------+-------+-------++-------
  Melee: Dagger            |    67 |    52 ||   119
         Kick              |    19 |    17 ||    36
         Punch             |       |     1 ||     1
         Staff             |       |     3 ||     3
   Cast: Foxfire           |    38 |    46 ||    84
         Scorch            |     6 |    13 ||    19
         Volatile Blastmot |       |     2 ||     2
   Stab: Sleeping          |     2 |     4 ||     6
 Armour: Robe              |    36 |    22 ||    58
  Dodge: Dodged            |    52 |    35 ||    87

Table legend: (Time is in decaauts)
 A = Elapsed time spent in this place.
 B = Non-inter-level travel time spent in this place.
 C = Inter-level travel time spent in this place.
 D = Time resting spent in this place.
 E = Time spent auto-exploring this place.
 F = Levels seen in this place.
 G = Mean time per level.
                   A        B        C        D        E       F      G
               +--------+--------+--------+--------+--------+-----+--------+
         Total |   3456 |   3374 |     82 |      5 |   2704 |   5 |  691.2 |
       Dungeon |   3307 |   3244 |     63 |      5 |   2643 |   4 |  826.8 |
        Temple |    148 |    129 |     19 |      0 |     61 |   1 |  148.0 |
               +--------+--------+--------+--------+--------+-----+--------+

Top non-repeatable levels by time:
     D:2: 1363 daAuts
     D:3: 857 daAuts
     D:1: 765 daAuts
     D:4: 321 daAuts
  Temple: 148 daAuts
